 Dungeon Crawl Stone Soup version 0.27-a0-1513-g2aaa0cc67b (webtiles) character file.

Game seed: 3177837485907673830

56 dolemite99 the Chopper (level 3, -5/31 HPs)
             Began as a Hill Orc Fighter on July 10, 2021.
             Slain by a gnoll (11 damage)
             ... on level 2 of the Dungeon.
             The game lasted 00:01:45 (1391 turns).

dolemite99 the Chopper (Hill Orc Fighter)           Turns: 1391, Time: 00:01:46

Health: -5/31      AC:  6    Str: 19    XL:     3   Next: 95%
Magic:  3/3        EV:  7    Int:  8    God:
Gold:   66         SH:  9    Dex: 10    Spells: 2/2 levels left

rFire    . . .     SeeInvis .   a - +0 war axe
rCold    . . .     Faith    .   c - +0 kite shield
rNeg     . . .     Spirit   .   b - +0 scale mail
rPois    .         Reflect  .   (no helmet)
rElec    .         Harm     .   (no cloak)
rCorr    .         Rampage  .   (no gloves)
Will     .....                  (no boots)
Stlth    ..........             (no amulet)
HPRegen  0.10/turn              (no ring)
MPRegen  0.08/turn              (no ring)

@: no status effects
A: no striking features
a: no special abilities


You were on level 2 of the Dungeon.
You visited 1 branch of the dungeon, and saw 2 of its levels.

You collected 66 gold pieces.

Inventory:

Hand Weapons
 a - a +0 war axe (weapon)
Missiles
 e - 93 stones (quivered)
 j - 5 bolts
Armour
 b - a +0 scale mail (worn)
 c - a +0 kite shield (worn)
Jewellery
 h - a ring of fire
Scrolls
 f - a scroll of noise {unknown}
 k - a scroll of identify {unknown}
Potions
 d - a potion of might
 g - a potion of heal wounds {unknown}
 i - a potion of brilliance {unknown}


   Skills:
 - Level 3.6 Fighting
 + Level 5.5 Axes
 - Level 3.2 Armour
 - Level 3.2 Shields


You had 2 spell levels left.
You didn't know any spells.
Your spell library contained the following spells:

 Spells                   Type           Power      Damage    Failure   Level
 Slow                     Hex            0%         N/A       100%        2
 Confusing Touch          Hex            0%         N/A       100%        3
 Vampiric Draining        Necr           0%         2d6       100%        3


Dungeon Overview and Level Annotations

Branches:
Dungeon (2/15)

Altars:


Message History

You slash the gnoll!
You kill the gnoll!
Your Axes skill increases to level 5!
You see here a +0 spear.
You start resting.
You start resting.
HP restored.
A gnoll comes into view. It is wielding a +0 spear.
A gnoll comes into view. It is wielding a +0 flail.
There are monsters nearby!
You throw a stone. The gnoll shouts!
The stone hits the gnoll.
The gnoll is lightly wounded.
You throw a stone. The stone closely misses the gnoll.
You block the gnoll's attack.
You barely miss the gnoll.
The gnoll is lightly wounded.
The gnoll hits you with a +0 spear.
You closely miss the gnoll.
The gnoll is lightly wounded.
You slash the gnoll! The gnoll hits you with a +0 spear.
The gnoll hits you but does no damage. You block the gnoll's attack. x2
You slash the gnoll!
The gnoll is severely wounded.
You hit the gnoll. You block the gnoll's attack.
The gnoll hits you with a +0 flail!
You barely miss the gnoll.
The gnoll is severely wounded.
Your shield and scale mail prevent you from hitting the gnoll.
The gnoll hits you but does no damage. The gnoll hits you with a +0 flail!
You block the gnoll's attack. x2
You slash the gnoll!
You kill the gnoll!
You barely miss the gnoll. The gnoll hits you with a +0 flail.
* * * LOW HITPOINT WARNING * * *
You barely miss the gnoll.
The gnoll is severely wounded.
The gnoll hits you with a +0 flail!
You die...

##.....#.....##
##.............##
#^..............#####
#............<.......
#...............#####
#.......).).....#
#...............#
#...............#
##..........@..##
##.....#..)g.##
########..### ##.##
#..## ##..# ##.# #.#
#.#


You could see a gnoll.

Vanquished Creatures
  3 gnolls (D:2)
  A dart slug (D:2)
  2 endoplasms (D:1)
  A hobgoblin (D:1)
  2 kobolds (D:1)
  3 quokkas (D:1)
  3 ball pythons (D:1)
  A bat (D:1)
  4 frilled lizards
  3 goblins (D:1)
  3 rats
26 creatures vanquished.

Notes
Turn   | Place    | Note
-------+----------+-------------------------------------------
     0 | D:1      | dolemite99 the Hill Orc Fighter began the quest for the
                  | Orb.
     0 | D:1      | Reached XP level 1. HP: 19/19 MP: 1/1
   257 | D:1      | Reached skill level 3 in Axes
   440 | D:1      | Reached XP level 2. HP: 26/26 MP: 2/2
   472 | D:1      | Reached skill level 4 in Axes
   553 | D:1      | Found a faded altar of an unknown god.
   973 | D:2      | Reached XP level 3. HP: 28/31 MP: 3/3
  1154 | D:2      | Reached skill level 5 in Axes
  1391 | D:2      | Slain by a gnoll

Illustrated notes

Levels and vault maps discovered:
D:1:      dpeg_arrival_rooms_c, layout_rooms, dreamdust_ecumenical_altar_grove,
          minmay_split_cup_small
D:2:      layout_rooms

Skill      XL: |  1  2  3 |
---------------+----------+-----
Axes           | 3 4 5 |  5.5
Fighting       | |  3.6
Armour         | |  3.2
Shields        | |  3.2

Action                   || total
-------------------------++-------
Melee: War axe           ||    77
Throw: Stone             ||    47
Armor: Scale mail        ||    30
Dodge: Dodged            ||    31
Block: Kite shield       ||    37

Table legend: (Time is in decaauts)
 A = Elapsed time spent in this place.
 B = Non-inter-level travel time spent in this place.
 C = Inter-level travel time spent in this place.
 D = Time resting spent in this place.
 E = Time spent auto-exploring this place.
 F = Levels seen in this place.
 G = Mean time per level.
                   A        B        C        D        E       F      G
               +--------+--------+--------+--------+--------+-----+--------+
         Total |   1448 |   1426 |     22 |    207 |    943 |   2 |  724.0 |
       Dungeon |   1448 |   1426 |     22 |    207 |    943 |   2 |  724.0 |
               +--------+--------+--------+--------+--------+-----+--------+

Top non-repeatable levels by time:
     D:1: 1001 daAuts
     D:2: 447 daAuts
